 Seeded DCSS version 0.29-a0-96-g93358da72b (webtiles) character file.

Game seed: 8896313398491821788 (custom seed)

12 innerfire433 the Ducker (level 2, -1/25 HPs)
             Began as a Djinni Monk on Feb 10, 2022.
             Slain by a quokka (4 damage)
             ... on level 1 of the Dungeon.
             The game lasted 00:00:47 (636 turns).

innerfire433 the Ducker (Djinni Monk)                Turns: 636, Time: 00:00:48

Health: -1/25      AC:  2    Str: 10    XL:     2   Next: 45%
Gold:   5          EV: 13    Int: 11    God:
                   SH:  0    Dex: 15

rFire   + + .      SeeInvis .   a - +0 spear
rCold   x . .      Faith    .   (no shield)
rNeg    . . .      Spirit   .   b - +0 robe
rPois   ∞          Reflect  .   (no helmet)
rElec   .          Harm     .   (no cloak)
rCorr   .          Rampage  .   (no gloves)
Will    .....                   (boots unavailable)
Stlth   ++........              (no amulet)
HPRegen 0.08/turn               (no ring)
MPRegen 0.00/turn               (no ring)

@: flying
A: sickness immunity, fire resistance 2, cold vulnerability 1, float, innate
caster, HP casting, extra vitality 1
a: no special abilities


You were on level 1 of the Dungeon.
You visited 1 branch of the dungeon, and saw 1 of its levels.

You collected 5 gold pieces.

Inventory:

Hand Weapons
 a - a +0 spear (weapon)
Armour
 b - a +0 robe (worn)
Scrolls
 c - a scroll of immolation {unknown}
 d - a scroll of brand weapon {unknown}
 e - a scroll of torment {unknown}


   Skills:
 - Level 3.1 Fighting
 + Level 2.5 Polearms
 * Level 3.6 Dodging
 - Level 1.7 Stealth


You had one spell level left.
You didn't know any spells.
Your spell library was empty.

Dungeon Overview and Level Annotations

Branches:
Dungeon (1/15)

Altars:


Innate Abilities, Weirdness & Mutations

You are immune to sickness and miasma.
You are immune to poison.
Your flesh is very heat resistant. (rF++)
You are vulnerable to cold. (rC-)
You float through the air rather than walking.
You learn spells naturally, not from books.
Your magical power is your life essence.
You have superior vitality. (+4 MHP)


Message History

Found a ring mail.
A goblin and a rat come into view.
The goblin shouts!
A rat comes into view.
You reach to attack!
You hit the rat but do no damage.
You reach to attack!
You barely miss the endoplasm. The rat bites you. The quokka bites you.
The quokka misses you. The quokka barely misses you. The quokka bites you.
The rat barely misses you. The endoplasm freezes you.
You are frozen!
You feel a terrible chill! The quokka barely misses you.
The endoplasm hits you but does no damage.
The rat barely misses you. The quokka closely misses you. The quokka bites you.
You see here a rat corpse.
You hit the quokka.
The quokka is moderately wounded.
The quokka barely misses you. The quokka bites you.
* * * LOW HITPOINT WARNING * * *
You barely miss the quokka.
The quokka is moderately wounded.
The quokka bites you.
* * * LOW HITPOINT WARNING * * *
You hit the quokka.
The quokka is heavily wounded.
The quokka bites you but does no damage.
You barely miss the quokka. Your punch misses the quokka.
The quokka is heavily wounded.
The quokka misses you.
You hit the quokka but do no damage.
The quokka is heavily wounded.
The quokka barely misses you.
You barely miss the quokka.
The quokka is heavily wounded.
The quokka bites you.
You die...

#..###.....#........
##.###...............
#...................)
#........(...........
#.###................
##.# #...†............
#..# #................
#.#####rg.............
#.###@rJ.....#.(...##.
#.#...###############.
##..)### #. #..### #.
#### ##


You could see an endoplasm, a quokka, a goblin and a rat.

Vanquished Creatures
  2 endoplasms (D:1)
  A goblin (D:1)
  2 hobgoblins (D:1)
  A kobold (D:1)
  2 frilled lizards (D:1)
  4 rats (D:1)
12 creatures vanquished.

Notes
Turn   | Place    | Note
-------+----------+-------------------------------------------
     0 | D:1      | innerfire433 the Djinni Monk began the quest for the Orb.
     0 | D:1      | Reached XP level 1. HP: 20/20 MP: 0/0
     3 | D:1      | Noticed a minotaur skeleton
     5 | D:1      | Noticed a vampire
     9 | D:1      | Noticed a demonspawn zombie
    15 | D:1      | Noticed a human
   364 | D:1      | Reached XP level 2. HP: 16/25 MP: 0/0
   636 | D:1      | Slain by a quokka

Illustrated notes

Levels and vault maps discovered:
D:1:      shiori_arrival_whats_in_store_for_you, layout_rooms,
          chequers_serial_rivers_room_a

Action                   || total
-------------------------++-------
Melee: Spear             ||    45
 Stab: Sleeping          ||     1
Armor: Robe              ||     3
Dodge: Dodged            ||    19

Table legend: (Time is in decaauts)
 A = Elapsed time spent in this place.
 B = Non-inter-level travel time spent in this place.
 C = Inter-level travel time spent in this place.
 D = Time resting spent in this place.
 E = Time spent auto-exploring this place.
 F = Levels seen in this place.
 G = Mean time per level.
                   A        B        C        D        E       F      G
               +--------+--------+--------+--------+--------+-----+--------+
         Total |    634 |    634 |      0 |      0 |    516 |   1 |  634.0 |
       Dungeon |    634 |    634 |      0 |      0 |    516 |   1 |  634.0 |
               +--------+--------+--------+--------+--------+-----+--------+

Top non-repeatable levels by time:
     D:1: 634 daAuts
